AoeStats
← putzfetzen

Arena

507817543Analyzed
2v2 RM · 12d ago on Sep 19, 2026· 23m 1s· 4 players
Game mode
Random Map
Map size
Medium (4 player)
Population
200
Speed
Normal
Resources
Standard
Victory
Conquest
Starting age
Dark Age
Ending age
Imperial Age
RankedLock teamsTeams togetherTeam positionsShared explorationLock speedFull tech treeHidden civsTurbo modeCheats
Victory
Defeat
🇦🇹 Malians · Austria
1184
+15
🇦🇹 Franks · Austria
1152
+16
🇺🇸 Byzantines · United States
1176
-16
🇺🇸 Malians · United States
1137
-15
PTCG_Twippo
10:45 Feudal Age
15:18 Castle Age
13:39 Double-Bit Axe
13:57 Horse Collar
22:34 Loom
XxX_ins1dious_XxX
12:07 Feudal Age
13:24 Horse Collar
13:32 Double-Bit Axe
16:29 Castle Age
16:35 Wheelbarrow
15:45 Loom
18:53 Bow Saw
18:48 Heavy Plow
21:48 Gold Mining
ArbeitsamtHATgeldGEWIESEN
10:17 Feudal Age
11:40 Loom
13:07 Loom
16:40 Castle Age
putzfetzen
10:43 Feudal Age
9:23 Loom
14:35 Castle Age
Connection lost

Rejoining the realm…

Still unreachable

The connection could not be restored.

Session expired

The server has moved on; the page needs a fresh start.